 Dungeon Crawl Stone Soup version 0.18.1-48-g4cf74bf (webtiles) character file.

170 Inkary the Skirmisher (level 5, -1/41 HPs)
             Began as a Demonspawn Gladiator on July 28, 2016.
             Was an Initiate of Okawaru.
             Killed by divine providence
             ... invoked by an orc priest
              (13 damage)
             ... on level 4 of the Dungeon.
             The game lasted 00:07:51 (3053 turns).

Inkary the Skirmisher (Demonspawn Gladiator)        Turns: 3053, Time: 00:07:52

Health: -1/41      AC:  6    Str: 20 (21) XL:     5   Next: 26%
Magic:  5/5        EV: 12    Int:  7 (10) God:    Okawaru [......]
Gold:   173        SH:  0    Dex: 11 (13) Spells: 0 memorised, 4 levels left

rFire  . . .     SeeInvis .       - Unarmed
rCold  . . .     Gourm    .     b - +0 leather armour
rNeg   . . .     Faith    .     (no shield)
rPois  +         Spirit   .     h - +1 helmet
rElec  .         Dismiss  .     (no cloak)
rCorr  .         Reflect  .     i - +0 pair of gloves
SustAt .         Harm     .     (no boots)
MR     .....                    (no amulet)
Stlth  +.........               (no ring)
                                s - ring of poison resistance

@: mighty, not resistant to hostile enchantments, very unstealthy
A: claws 2, powered by death 1, powered by pain 1
a: Renounce Religion


You were on level 4 of the Dungeon.
You worshipped Okawaru.
Okawaru was noncommittal.
You were not hungry.

You visited 1 branch of the dungeon, and saw 4 of its levels.

You collected 173 gold pieces.

Inventory:

Missiles
 d - 3 throwing nets (quivered)
Armour
 b - a +0 leather armour (worn)
 c - a +0 helmet
 h - a +1 helmet (worn)
 i - a +0 pair of gloves (worn)
Jewellery
 s - a ring of poison resistance (left hand)
 u - an uncursed amulet of magic regeneration {unknown}
Scrolls
 e - 3 scrolls of remove curse {unknown}
 l - 5 scrolls of identify {unknown}
 n - 2 scrolls of teleportation {unknown}
 q - 2 scrolls of enchant weapon {unknown}
 r - 3 scrolls of amnesia {unknown}
Potions
 m - a potion of brilliance {unknown}
 o - a potion of flight {unknown}
 t - a potion of berserk rage {unknown}
 w - a potion of degeneration
Books
 v - a book of Debilitation

   Spells                             Type                      Level
   a - Corona                         Hexes                        1
   b - Slow                           Hexes                        2
   c - Gell's Gravitas                Hexes/Translocation          3
   d - Inner Flame                    Hexes/Fire                   3
   e - Cause Fear                     Hexes                        4
   f - Leda's Liquefaction            Hexes/Earth                  4
Comestibles
 f - 2 bread rations
 g - 2 fruits
 j - 4 meat rations
 k - a chunk of flesh


   Skills:
 + Level 3.5 Fighting
   Level 3.4 Axes
 + Level 3.3 Throwing
 - Level 2.6 Dodging
 + Level 1.0 Unarmed Combat


You had 4 spell levels left.
You didn't know any spells.

Dungeon Overview and Level Annotations

Branches:
Dungeon (4/15)
 Temple: D:4-7

Altars:
Gozag
Kikubaaqudgha
Okawaru
Pakellas
Qazlal
Sif Muna
Zin

Annotations:
D:3 WarriorsX's ghost, amateur HuFi


Innate Abilities, Weirdness & Mutations

You have very sharp fingernails.
You regenerate a little health from kills.
You sometimes gain a little power by taking damage.


Message History

The worker ant is moderately wounded.
The worker ant bites you.
You closely miss the worker ant.
The worker ant is moderately wounded.
The worker ant bites you but does no damage.
You hit the worker ant.
The worker ant is severely wounded.
The worker ant misses you.
You punch the worker ant!
You kill the worker ant!
Okawaru accepts your kill.
Your Unarmed Combat skill increases to level 1!
You closely miss the orc. The orc barely misses you.
The orc priest mumbles some strange prayers to Beogh against you.
Beogh smites you!
* * * LOW HITPOINT WARNING * * *
You closely miss the orc. The orc closely misses you.
The orc priest calls down the wrath of Beogh upon you.
Beogh smites you!
You die...

#.# #.# #a# #.##### ###
. #.##.. ..# ... #.##.#
#.##
.....#####.##.#######...
.......@oo.....÷<.......
.....####...#.#######...
... #......# #.## .
##>..#.# .o# ##.##...
..# #.###### ###< #.# .
#+# ≈


You could see an orc priest and an orc.

Vanquished Creatures
  An orc wizard (D:3)
  A worker ant (D:4)
  5 adders
  2 oozes (D:3)
  2 worms (D:3)
  A giant gecko (D:1)
  3 orcs (D:3)
  A ball python (D:1)
  6 bats
  2 bat zombies (D:2)
  2 giant cockroaches
  5 goblins
  5 hobgoblins
  6 jackals
  A quokka (D:3)
  7 kobolds
  5 rats
  3 rat zombies (D:2)
58 creatures vanquished.

Notes
Turn   | Place    | Note
--------------------------------------------------------------
     0 | D:1      | Inkary the Demonspawn Gladiator began the quest for the Orb.
     0 | D:1      | Reached XP level 1. HP: 16/16 MP: 1/1
     6 | D:1      | Noticed a four-headed hydra
     6 | D:1      | Noticed a wolf
     6 | D:1      | Noticed a worker ant
     6 | D:1      | Noticed an iguana
     6 | D:1      | Noticed a water moccasin
   406 | D:1      | Gained mutation: You sometimes gain a little power by taking damage. [demonic ancestry]
   406 | D:1      | Reached XP level 2. HP: 19/22 MP: 2/2
   931 | D:2      | Gained mutation: You regenerate a little health from kills. [demonic ancestry]
   931 | D:2      | Reached XP level 3. HP: 20/28 MP: 3/3
  1269 | D:2      | Found an ancient bone altar of Kikubaaqudgha.
  2210 | D:3      | Gained mutation: You have sharp fingernails. [demonic ancestry]
  2210 | D:3      | Reached XP level 4. HP: 22/34 MP: 4/4
  2315 | D:3      | Found an oddly glowing altar of Pakellas.
  2315 | D:3      | Found a glowing silver altar of Zin.
  2315 | D:3      | Found an iron altar of Okawaru.
  2317 | D:3      | Found a deep blue altar of Sif Muna.
  2318 | D:3      | Found an opulent altar of Gozag.
  2326 | D:3      | Became a worshipper of Warmaster Okawaru
  2597 | D:3      | Found a stormy altar of Qazlal.
  2767 | D:3      | Noticed WarriorsX's ghost (amateur HuFi)
  2875 | D:4      | Gained mutation: You have very sharp fingernails. [demonic ancestry]
  2875 | D:4      | Reached XP level 5. HP: 17/41 MP: 5/5
  3051 | D:4      | Reached skill level 1 in Unarmed Combat
  3053 | D:4      | Killed from afar by an orc priest

Skill      XL: |  1  2  3  4  5 |
---------------+----------------+-----
Throwing       | 2 3 |  3.3
Axes           | 3 |  3.4
Fighting       | 3 |  3.5
Unarmed Combat | 1 |  1.0
Dodging        | |  2.6

Action                   |  1- 3 |  4- 6 || total
-------------------------+-------+-------++-------
Melee: War axe           |   167 |    18 ||   185
       Unarmed           |       |   161 ||   161
       Punch             |       |     1 ||     1
  Use: Potion            |     3 |     6 ||     9
 Stab: Sleeping          |     1 |       ||     1
  Eat: Chunk             |     3 |     4 ||     7
       Fruit             |     1 |       ||     1
Armor: Leather armour    |    63 |    76 ||   139
       Skin              |     2 |       ||     2
Dodge: Dodged            |   129 |   128 ||   257
